 Dungeon Crawl Stone Soup version 0.21.1-1-g345015f (webtiles) character file.

35 prawnwizard the Insei (level 3, 0/23 HPs)
             Began as an Octopode Transmuter on July 22, 2018.
             Slain by an orc
             ... wielding a +0 war axe
              (1 damage)
             ... on level 2 of the Dungeon.
             The game lasted 00:01:00 (1335 turns).

prawnwizard the Insei (Octopode Transmuter)         Turns: 1335, Time: 00:01:00

Health: 0/23       AC:  1    Str:  9    XL:     3   Next: 33%
Magic:  6/6        EV: 13    Int: 15    God:
Gold:   125        SH:  0    Dex: 13    Spells: 5/6 levels left

rFire    . . .     SeeInvis .     - Unarmed
rCold    . . .     Gourm    .   (no shield)
rNeg     . . .     Faith    .   (helmet restricted)
rPois    .         Spirit   .   (no amulet)
rElec    .         Reflect  .   (no ring)
rCorr    .         Harm     .   (no ring)
MR       .....                  (no ring)
Stlth    ++........             (no ring)
HPRegen  0.07/turn              (no ring)
MPRegen  0.10/turn              (no ring)
                                (no ring)
                                (no ring)

@: confused
A: almost no armour, stealthy swim, amphibious, 8 rings, constrict 8, camouflage
1, gelatinous body 1
a: no special abilities


You were on level 2 of the Dungeon.
You were not hungry.

You visited 1 branch of the dungeon, and saw 2 of its levels.

You collected 125 gold pieces.

Inventory:

Missiles
 a - 36 arrows
Scrolls
 f - a scroll of teleportation {unknown}
 g - 2 scrolls of amnesia {unknown}
Potions
 d - a potion of berserk rage {unknown}
 e - a potion of curing {unknown}
Books
 b - a book of Changes

   Spells                             Type                      Level
   a - Beastly Appendage              Transmutation                1
   b - Sticks to Snakes               Transmutation                2
   c - Spider Form                    Transmutation/Poison         3
   d - Ice Form                       Ice/Transmutation            4
   e - Blade Hands                    Transmutation                5
Comestibles
 c - 2 rations


   Skills:
 - Level 1.0 Fighting
 + Level 2.3 Dodging
 * Level 3.5 Unarmed Combat
 + Level 2.3 Spellcasting
 + Level 2.4 Transmutations


You had 5 spell levels left.
You knew the following spells:

 Your Spells              Type           Power        Failure   Level  Hunger
a - Beastly Appendage     Tmut           #.....       8%          1    #......


Dungeon Overview and Level Annotations

Branches:
Dungeon (2/15)

Altars:
Fedhas
Qazlal


Innate Abilities, Weirdness & Mutations

You cannot wear most types of armour.
You are very stealthy in the water. (Stealth+)
You are amphibious.
You can wear up to eight rings at the same time.
You can use your tentacles to constrict eight enemies at once.
Your skin changes colour to match your surroundings (Stealth+).
Your rubbery body absorbs attacks. (AC +1, EV +1)


Message History

You are too injured to fight recklessly!
You are too injured to fight recklessly!
You are too injured to fight recklessly!
You are too injured to fight recklessly!
You are too injured to fight recklessly!
Unknown command.
You are too injured to fight recklessly!
Unknown command.
You are too injured to fight recklessly!
You release your grip on the orc.
The orc hits you with a war axe.
* * * LOW HITPOINT WARNING * * *
The orc wizard gestures at you while chanting.
You are confused.
You're too confused to cast spells.
You barely miss the orc wizard. The orc closely misses you.
You tentacle-slap the orc wizard but do no damage.
The orc wizard completely misses you. The orc wizard hits you with a dagger.
* * * LOW HITPOINT WARNING * * *
The orc hits you with a war axe.
You die...

##........###.....##
##..........##...#...
#....................
#..............รท..#..
#............####.#..
##..........## #.#.#
##...$....## #....
##..o.....# #.[..
#..@o[.....# #....
#..oo......# ##...
#.$........# #...
#...........# ####
#...........#
#..........##
#.........##
###########


You could see 2 orc wizards and 2 orcs.

Vanquished Creatures
  An adder (D:2)
  A worm (D:2)
  2 leopard geckos
  An orc (D:2)
  A giant cockroach (D:2)
  A hobgoblin (D:1)
  3 jackals (D:2)
  A frilled lizard (D:2)
  5 goblins
  3 rats
19 creatures vanquished.

Notes
Turn   | Place    | Note
-------+----------+-------------------------------------------
     0 | D:1      | prawnwizard the Octopode Transmuter began the quest for the Orb.
     0 | D:1      | Reached XP level 1. HP: 13/13 MP: 3/3
   387 | D:2      | Found a blossoming altar of Fedhas.
   394 | D:2      | Reached XP level 2. HP: 17/18 MP: 5/5
   679 | D:2      | Found a stormy altar of Qazlal.
   778 | D:2      | Reached XP level 3. HP: 14/23 MP: 6/6
  1335 | D:2      | HP: 1/23 [orc wizard/dagger (1)]
  1335 | D:2      | Slain by an orc

Action                   || total
-------------------------++-------
Melee: Unarmed           ||    48
       Constrict         ||    13
       Tentacles         ||    10
       Punch             ||     1
 Stab: Sleeping          ||     4
  Eat: Chunk             ||     1
Armor: Skin              ||     5
Dodge: Dodged            ||    32
